AoeStats
← PatriceTheFather

Black Forest

505119466Analyzed
3v3 RM · 25d ago on Sep 7, 2026· 54m 42s· 6 players
Game mode
Random Map
Map size
Normal (6 player)
Population
200
Speed
Normal
Resources
Standard
Victory
Conquest
Starting age
Dark Age
Ending age
Imperial Age
RankedLock teamsTeams togetherTeam positionsShared explorationLock speedFull tech treeHidden civsTurbo modeCheats
Victory
Defeat
🇧🇷 Ethiopians · Brazil
1102
+10
🇧🇷 Khmer · Brazil
992
+13
🇧🇷 Turks · Brazil
920
+16
🇩🇪 Inca · Germany
974
-14
🇦🇷 Wei · Argentina
943
-13
🇺🇸 Georgians · United States
920
-27
PatriceTheFather
9:10 Loom
11:10 Feudal Age
15:45 Castle Age
15:59 Castle Age
14:22 Double-Bit Axe
14:29 Gold Mining
15:18 Horse Collar
17:41 Bow Saw
21:36 Heavy Plow
24:01 Wheelbarrow
25:28 Stone Mining
27:04 Town Watch
27:44 Hand Cart
31:31 Imperial Age
29:38 Town Patrol
29:49 Svan Towers
31:59 Onager
33:29 Scale Barding Armor
33:36 Forging
33:32 Siege Onager
33:41 Light Cavalry
34:22 Husbandry
34:17 Fletching
36:03 Hoardings
35:51 Conscription
35:43 Bloodlines
36:00 Siege Engineers
35:40 Treadmill Crane
35:57 Murder Holes
36:28 Caravan
37:12 Crop Rotation
37:20 Stone Shaft Mining
36:46 Hussar
36:55 Cavalier
42:01 Chain Barding Armor
42:17 Iron Casting
41:38 Bodkin Arrow
41:57 Masonry
42:08 Ballistics
42:49 Chemistry
41:41 Guard Tower
41:36 Arrowslits
41:28 Hussar
42:51 Aznauri Cavalry
43:28 Heavy Scorpion
45:10 Plate Barding Armor
45:36 Blast Furnace
44:36 Bracer
44:38 Padded Archer Armor
46:30 Architecture
46:36 Keep
Matimouts
1:05 Loom
12:19 Feudal Age
12:57 Double-Bit Axe
12:54 Horse Collar
16:17 Gold Mining
21:44 Castle Age
22:04 Stone Mining
23:01 Wheelbarrow
22:38 Bow Saw
22:30 Heavy Plow
23:35 Gold Shaft Mining
23:36 Stone Shaft Mining
27:36 Fervor
28:40 Devotion
29:01 Sanctity
28:56 Forging
28:52 Scale Barding Armor
30:03 Caravan
31:57 Tuntian
35:26 Imperial Age
34:30 Chain Barding Armor
34:45 Iron Casting
38:08 Crop Rotation
38:06 Conscription
37:40 Elite Tiger Cavalry
41:02 Ming Guang Armor
b7ackwar
0:33 Loom
12:29 Feudal Age
16:37 Castle Age
14:49 Double-Bit Axe
21:10 Bow Saw
22:14 Fishing Lines
23:21 Gillnets
24:11 Horse Collar
25:14 Heavy Plow
26:45 Stone Mining
26:48 Gold Mining
29:31 Imperial Age
27:00 Treadmill Crane
27:32 Scale Mail Armor
27:45 Forging
29:08 Gold Shaft Mining
29:08 Stone Shaft Mining
28:19 Champi Runner
30:17 Iron Casting
29:58 Chain Mail Armor
29:59 Champi Warrior
30:40 Squires
30:46 Arson
31:25 Conscription
32:16 Blast Furnace
32:10 Wheelbarrow
31:21 Town Watch
31:14 Capped Ram
33:40 Plate Mail Armor
32:38 Elite Champi Warrior
34:53 Fabric Shields
36:07 Chemistry
36:28 Pikeman
37:09 Halberdier
37:50 Elite Kamayuk
38:59 Fletching
slvitor
0:26 Loom
12:49 Feudal Age
15:47 Castle Age
14:19 Double-Bit Axe
14:17 Horse Collar
17:30 Wheelbarrow
17:43 Bow Saw
19:09 Heavy Plow
20:03 Gold Mining
22:56 Hand Cart
23:53 Town Watch
28:17 Gold Shaft Mining
28:50 Caravan
33:18 Imperial Age
31:16 Forging
31:11 Scale Barding Armor
31:28 Masonry
31:33 Fortified Wall
31:57 Tusk Swords
32:25 Bloodlines
32:19 Husbandry
33:44 Chain Barding Armor
34:00 Iron Casting
33:38 Stone Mining
33:44 Elite Battle Elephant
35:38 Fletching
36:11 Ballistics
38:06 Blast Furnace
36:41 Light Cavalry
37:36 Bodkin Arrow
39:44 Devotion
41:47 Bracer
42:23 Plate Barding Armor
42:15 Murder Holes
43:21 Chemistry
44:39 Faith
46:13 Padded Archer Armor
47:19 Hussar
49:30 Conscription
50:33 Stone Shaft Mining
51:04 Siege Engineers
53:22 Masonry
Fábio
0:26 Loom
13:21 Feudal Age
18:11 Castle Age
16:29 Double-Bit Axe
16:59 Gold Mining
16:59 Horse Collar
17:59 Fletching
18:20 Padded Archer Armor
19:20 Bow Saw
21:40 Leather Archer Armor
21:30 Bodkin Arrow
25:03 Wheelbarrow
25:34 Leather Archer Armor
25:53 Crossbowman
28:06 Coinage
29:00 Thumb Ring
30:05 Hand Cart
31:37 Gold Shaft Mining
32:13 Caravan
33:23 Town Watch
36:30 Imperial Age
34:16 Royal Heirs
34:38 Stone Mining
34:57 Town Watch
35:20 Scale Barding Armor
35:27 Forging
35:43 Town Patrol
36:27 Chain Barding Armor
37:35 Ballistics
37:11 Murder Holes
38:17 Chemistry
37:01 Arbalester
37:49 Murder Holes
38:16 Heavy Plow
39:19 Two-Man Saw
38:45 Conscription
38:27 Torsion Engines
39:21 Stone Shaft Mining
39:10 Bracer
49:24 Halberdier
GrooGrux King
7:56 Loom
12:30 Feudal Age
20:02 Castle Age
19:58 Horse Collar
20:10 Double-Bit Axe
27:31 Gold Mining
29:14 Heavy Plow
31:47 Wheelbarrow
36:10 Hand Cart
36:45 Crossbowman
40:22 Imperial Age
40:03 Caravan
40:34 Coinage
40:46 Bow Saw
43:35 Fletching
43:46 Padded Archer Armor
45:22 Leather Archer Armor
45:54 Heavy Cavalry Archer
47:11 Parthian Tactics
50:46 Ring Archer Armor
52:00 Bodkin Arrow
Connection lost

Rejoining the realm…

Still unreachable

The connection could not be restored.

Session expired

The server has moved on; the page needs a fresh start.